 Dungeon Crawl Stone Soup version 0.21.0-25-ge575cb9 (webtiles) character file.

1785 tidbits the Sneak (level 9, 43/65 HPs)
             Began as a Gnoll Enchanter on Jan 26, 2018.
             Quit the game on level 5 of the Dungeon.
             The game lasted 00:14:46 (1980 turns).

tidbits the Sneak (Gnoll Enchanter)                 Turns: 1980, Time: 00:14:46

Health: 43/65      AC:  4    Str: 11    XL:     9   Next: 8%
Magic:  18/18      EV: 16    Int: 20    God:
Gold:   310        SH:  0    Dex: 16    Spells: 11/20 levels left

rFire    . . .     SeeInvis .   p - +0 falchion (venom)
rCold    . . .     Gourm    .   (no shield)
rNeg     . . .     Faith    .   B - +1 robe {MR+}
rPois    +         Spirit   .   E - +0 helmet
rElec    .         Reflect  .   (no cloak)
rCorr    .         Harm     .   (no gloves)
MR       +....                  (no boots)
Stlth    ++++......             (no amulet)
HPRegen  0.20/turn              (no ring)
MPRegen  0.16/turn              F - ring of poison resistance

@: no status effects
A: distributed training, fangs 1, strong nose
a: no special abilities


You were on level 5 of the Dungeon.
You were not hungry.

You visited 2 branches of the dungeon, and saw 10 of its levels.

You collected 310 gold pieces.

Inventory:

Hand Weapons
 a - a +1 dagger
 g - a +1 whip of freezing
   (You took it off Pikel on level 8 of the Dungeon)
 p - a +0 falchion of venom (weapon)
   (You took it off an orc on level 3 of the Dungeon)
 x - a cursed -2 rapier
 y - a +1 vampiric hand axe
   (You found it on level 5 of the Dungeon)
 A - a +0 war axe
Missiles
 q - 14 poisoned needles
Armour
 b - a +0 robe
 z - a +3 leather armour
 B - a +1 robe of magic resistance (worn)
   (You took it off Pikel on level 8 of the Dungeon)
 E - a +0 helmet (worn)
Magical Staves
 D - an uncursed staff of poison {unknown}
   (You found it on level 8 of the Dungeon)
Jewellery
 m - an uncursed ring of loudness
   (You found it on level 2 of the Dungeon)
 F - a ring of poison resistance (right hand)
   (You found it on level 8 of the Dungeon)
Wands
 v - a wand of clouds (7)
 w - a wand of polymorph (17)
 C - a wand of disintegration (9)
Scrolls
 f - a scroll of noise
 i - a scroll of fear {unknown}
 k - 4 scrolls of remove curse
 n - 3 scrolls of amnesia
 o - 3 scrolls of immolation
 t - a scroll of random uselessness
Potions
 e - 4 potions of curing
 h - 2 potions of flight {unknown}
 l - 2 potions of might {unknown}
 r - a potion of lignification
 s - a potion of haste
 u - a potion of magic
Books
 c - a book of Maledictions

   Spells                             Type                      Level
   a - Corona                         Hexes                        1
   b - Ensorcelled Hibernation        Hexes/Ice                    2
   c - Confuse                        Hexes                        3
   d - Tukima's Dance                 Hexes                        3
   e - Dazzling Spray                 Conjuration/Hexes            3
Comestibles
 d - 11 rations


   Skills:
 + Level 3.8 Fighting
 + Level 4.6 Short Blades
 + Level 3.8 Long Blades
 + Level 3.8 Axes
 + Level 3.8 Maces & Flails
 + Level 3.8 Polearms
 + Level 3.8 Staves
 + Level 3.8 Slings
 + Level 3.8 Bows
 + Level 3.8 Crossbows
 + Level 3.8 Throwing
 + Level 3.8 Armour
 + Level 6.0 Dodging
 + Level 7.1 Stealth
 + Level 3.8 Shields
 + Level 3.8 Unarmed Combat
 + Level 6.3 Spellcasting
 + Level 3.1 Conjurations
 + Level 6.3 Hexes
 + Level 3.1 Charms
 + Level 3.1 Summonings
 + Level 3.1 Necromancy
 + Level 3.1 Translocations
 + Level 3.1 Transmutations
 + Level 3.1 Fire Magic
 + Level 3.1 Ice Magic
 + Level 3.1 Air Magic
 + Level 3.1 Earth Magic
 + Level 3.1 Poison Magic
 + Level 4.2 Invocations
 + Level 3.8 Evocations


You had 11 spell levels left.
You knew the following spells:

 Your Spells              Type           Power        Failure   Level  Hunger
a - Corona                Hex            ####...      1%          1    None
c - Confuse               Hex            ####....     2%          3    ##.....
d - Dazzling Spray        Conj/Hex       ####..       4%          3    ##.....
e - Ensorcelled Hibernat  Hex/Ice        ####..       2%          2    None


Dungeon Overview and Level Annotations

Branches:
Dungeon (9/15)             Temple (1/1) D:5
   Lair: D:8-11         Orc: D:9-12

Altars:
Ashenzari
Dithmenos
Elyvilon
Fedhas
Gozag
Hepliaklqana
Makhleb
Nemelex Xobeh
Okawaru
Qazlal
Ru
Trog
Uskayaw
Vehumet
Wu Jian
Xom
Yredelemnul
Zin
The Shining One

Annotations:
D:6 p0werm0de's ghost, novice DgNe


Innate Abilities, Weirdness & Mutations

Your experience applies equally to all skills.
You have very sharp teeth.
Your uncanny sense of smell can sniff out nearby items.


Message History

You hit the leopard gecko.
You kill the leopard gecko!
You completely miss the quokka.
The quokka bites you but does no damage. x2
You closely miss the quokka. The quokka misses you.
You barely miss the quokka. You punch the quokka.
You bite the quokka, but do no damage.
The quokka is lightly wounded.
The quokka misses you.
You hit the quokka.
You kill the quokka!
Wield which item (- for none, * to show all)? (? for menu, Esc to quit)
Okay, then.
You hit the rat.
You kill the rat!
You hit the rat.
You kill the rat!
You hit the rat.
You kill the rat!
You hit the rat.
You kill the rat!
The quokka barely misses you.
You barely miss the quokka. The quokka barely misses you.
You hit the quokka but do no damage.
The quokka is poisoned.
Your bite misses the quokka. The quokka closely misses you.
You hit the quokka but do no damage.
The quokka looks as sick as possible!
The quokka misses you. x2
You barely miss the quokka. The quokka bites you.
You hit the quokka.
You kill the quokka!
You hit the rat. You bite the rat, but do no damage.
The rat is moderately wounded.
The rat bites you.
You closely miss the rat.
The rat is moderately wounded.
The rat barely misses you. The rat closely misses you.
You hit the rat but do no damage.
The rat is poisoned.
The rat is moderately wounded.
The rat bites you but does no damage.
You closely miss the rat.
The rat is moderately wounded.
The rat closely misses you.
You hit the rat.
You kill the rat!
The rat completely misses you.
You riposte.
You closely miss the rat. You bite the rat, but do no damage.
You hit the rat but do no damage.
The rat is poisoned.
The rat barely misses you.
You riposte.
You hit the rat but do no damage.
The rat looks as sick as possible!
You bite the rat.
You kill the rat!
A river rat comes into view.
The rat completely misses you.
You riposte.
You barely miss the rat.
Items here: ) [ ††††† Unknown command.
You barely miss the rat. The rat closely misses you.
You barely miss the river rat. Your bite misses the river rat.
The river rat misses you. The rat completely misses you.
You riposte.
You hit the rat.
You kill the rat!
You hit the river rat but do no damage.
The river rat is poisoned.
The river rat misses you.
You closely miss the river rat. The river rat misses you.
You hit the river rat.
The river rat looks as sick as possible!
The river rat is heavily wounded.
You kill the river rat!
You see here a river rat corpse.
You see here a rat corpse.
A rat comes into view.
A rat comes into view.
A rat comes into view.
The rat moves out of view.
The rat closely misses you.
The rat moves out of view.
Found 15 gold pieces.
A rat comes into view.
Unknown command.
The rat closely misses you.
Found 13 gold pieces.
Found 14 gold pieces.
You see here 13 gold pieces.
You now have 281 gold pieces (gained 13).
The rat twitches its whiskers.
The rat bites you but does no damage.
The rat twitches its whiskers.
You see here 14 gold pieces.
You now have 295 gold pieces (gained 14).
The rat completely misses you.
You hit the rat.
The rat is poisoned.
Your bite misses the rat.
The rat is heavily wounded.
The rat completely misses you.
You closely miss the rat.
The rat is heavily wounded.
You kill the rat!
You hit the rat.
You kill the rat!
You see here a rat corpse.
You see here 15 gold pieces.
You now have 310 gold pieces (gained 15).
A river rat comes into view.
Are you sure you want to abandon this character and quit the game? (Confirm with "yes".)

##### ######
#.†.######## .....##
####.##@...## ......#
##.......## ....†.#
##.......# ...†)##
####...r..##
...##.######.#.##..###
.##.#†##.#..#.## r##
#.##†.#.###r# .# ####
#.#...## #.# ## ...#
#....# ##. #####.####


You could see a river rat (wandering) and 2 rats.

Vanquished Creatures
  The ghost of Agrougrou the Martial Artist, a novice OpTm of Makhleb (D:7)
  Pikel (D:8)
  Prince Ribbit (D:7)
  A water moccasin (D:8)
  2 black bears (D:8)
  4 slaves (D:8)
  An ogre (D:5)
  A scorpion (D:5)
  A howler monkey (D:6)
  A jelly (D:6)
  An iguana (D:7)
  A worker ant (D:6)
  A hound zombie (D:5)
  6 river rats (D:5)
  4 adders
  2 shadow imps
  A worm (D:3)
  2 leopard geckos
  4 orcs
  2 giant cockroaches
  3 goblins
  2 hobgoblins (D:1)
  10 jackals
  7 quokkas (D:5)
  6 frilled lizards
  16 rats
82 creatures vanquished.

Notes
Turn   | Place    | Note
-------+----------+-------------------------------------------
     0 | D:1      | tidbits the Gnoll Enchanter began the quest for the Orb.
     0 | D:1      | Reached XP level 1. HP: 13/13 MP: 6/6
   103 | D:1      | Reached XP level 2. HP: 13/19 MP: 5/7
   185 | D:2      | Learned a level 2 spell: Ensorcelled Hibernation
   431 | D:2      | Found a glowing golden altar of the Shining One.
   463 | D:3      | Reached XP level 3. HP: 22/25 MP: 2/9
   469 | D:3      | Learned a level 3 spell: Confuse
   473 | D:3      | Learned a level 3 spell: Dazzling Spray
   515 | D:3      | Reached skill level 5 in Spellcasting
   540 | D:5      | Entered Level 5 of the Dungeon
   548 | D:5      | Found a staircase to the Ecumenical Temple.
   561 | Temple   | Entered the Ecumenical Temple
   738 | D:5      | Reached skill level 6 in Stealth
   740 | D:5      | Reached skill level 1 in Invocations
   751 | D:5      | Noticed an ogre
   756 | D:5      | Reached skill level 1 in Fighting
   756 | D:5      | Reached skill level 1 in Long Blades
   756 | D:5      | Reached skill level 1 in Axes
   756 | D:5      | Reached skill level 1 in Maces & Flails
   756 | D:5      | Reached skill level 1 in Polearms
   756 | D:5      | Reached skill level 1 in Staves
   756 | D:5      | Reached skill level 1 in Slings
   756 | D:5      | Reached skill level 1 in Bows
   756 | D:5      | Reached skill level 1 in Crossbows
   756 | D:5      | Reached skill level 1 in Throwing
   756 | D:5      | Reached skill level 1 in Armour
   756 | D:5      | Reached skill level 1 in Shields
   756 | D:5      | Reached skill level 1 in Unarmed Combat
   756 | D:5      | Reached skill level 1 in Evocations
   760 | D:5      | Killed an ogre
   760 | D:5      | Reached skill level 1 in Conjurations
   760 | D:5      | Reached skill level 1 in Charms
   760 | D:5      | Reached skill level 1 in Summonings
   760 | D:5      | Reached skill level 1 in Necromancy
   760 | D:5      | Reached skill level 1 in Translocations
   760 | D:5      | Reached skill level 1 in Transmutations
   760 | D:5      | Reached skill level 1 in Fire Magic
   760 | D:5      | Reached skill level 1 in Ice Magic
   760 | D:5      | Reached skill level 1 in Air Magic
   760 | D:5      | Reached skill level 1 in Earth Magic
   760 | D:5      | Reached skill level 1 in Poison Magic
   760 | D:5      | Reached XP level 4. HP: 32/32 MP: 2/11
   760 | D:5      | Reached XP level 5. HP: 37/37 MP: 2/12
   803 | D:6      | Noticed p0werm0de's ghost (novice DgNe)
   855 | D:6      | Reached skill level 3 in Short Blades
   932 | D:6      | Noticed a sky beast
   947 | D:6      | Reached skill level 2 in Invocations
   947 | D:6      | Reached XP level 6. HP: 33/44 MP: 6/13
  1081 | D:7      | Found a shattered altar of Ashenzari.
  1086 | D:7      | Found a glowing silver altar of Zin.
  1186 | D:8      | Noticed a black bear
  1194 | D:8      | Killed a black bear
  1194 | D:8      | Reached skill level 2 in Fighting
  1194 | D:8      | Reached skill level 2 in Long Blades
  1194 | D:8      | Reached skill level 2 in Axes
  1194 | D:8      | Reached skill level 2 in Maces & Flails
  1194 | D:8      | Reached skill level 2 in Polearms
  1194 | D:8      | Reached skill level 2 in Staves
  1194 | D:8      | Reached skill level 2 in Slings
  1194 | D:8      | Reached skill level 2 in Bows
  1194 | D:8      | Reached skill level 2 in Crossbows
  1194 | D:8      | Reached skill level 2 in Throwing
  1194 | D:8      | Reached skill level 2 in Armour
  1194 | D:8      | Reached skill level 5 in Dodging
  1194 | D:8      | Reached skill level 2 in Shields
  1194 | D:8      | Reached skill level 2 in Unarmed Combat
  1194 | D:8      | Reached skill level 2 in Evocations
  1224 | D:8      | Noticed a water moccasin
  1231 | D:8      | Killed a water moccasin
  1231 | D:8      | Reached XP level 7. HP: 32/50 MP: 4/15
  1256 | D:8      | Noticed Pikel
  1299 | D:8      | Killed Pikel
  1299 | D:8      | Reached skill level 2 in Conjurations
  1299 | D:8      | Reached skill level 2 in Charms
  1299 | D:8      | Reached skill level 2 in Summonings
  1299 | D:8      | Reached skill level 2 in Necromancy
  1299 | D:8      | Reached skill level 2 in Translocations
  1299 | D:8      | Reached skill level 2 in Transmutations
  1299 | D:8      | Reached skill level 2 in Fire Magic
  1299 | D:8      | Reached skill level 2 in Ice Magic
  1299 | D:8      | Reached skill level 2 in Air Magic
  1299 | D:8      | Reached skill level 2 in Earth Magic
  1299 | D:8      | Reached skill level 2 in Poison Magic
  1299 | D:8      | Reached skill level 3 in Invocations
  1299 | D:8      | Reached XP level 8. HP: 49/57 MP: 7/16
  1357 | D:8      | Found a blossoming altar of Fedhas.
  1359 | D:9      | Noticed a yak
  1359 | D:9      | Noticed a yak
  1359 | D:9      | Noticed a yak
  1359 | D:9      | Noticed a yak
  1359 | D:9      | Noticed a yak
  1361 | D:9      | Noticed a yak
  1416 | D:7      | Noticed Prince Ribbit
  1423 | D:7      | Killed Prince Ribbit
  1423 | D:7      | Reached skill level 3 in Fighting
  1423 | D:7      | Reached skill level 4 in Short Blades
  1423 | D:7      | Reached skill level 3 in Long Blades
  1423 | D:7      | Reached skill level 3 in Axes
  1423 | D:7      | Reached skill level 3 in Maces & Flails
  1423 | D:7      | Reached skill level 3 in Polearms
  1423 | D:7      | Reached skill level 3 in Staves
  1423 | D:7      | Reached skill level 3 in Slings
  1423 | D:7      | Reached skill level 3 in Bows
  1423 | D:7      | Reached skill level 3 in Crossbows
  1423 | D:7      | Reached skill level 3 in Throwing
  1423 | D:7      | Reached skill level 3 in Armour
  1423 | D:7      | Reached skill level 3 in Shields
  1423 | D:7      | Reached skill level 3 in Unarmed Combat
  1423 | D:7      | Reached skill level 6 in Hexes
  1423 | D:7      | Reached skill level 3 in Evocations
  1465 | D:7      | Noticed Agrougrou's ghost (novice OpTm)
  1480 | D:7      | Killed Agrougrou's ghost
  1480 | D:7      | Reached skill level 7 in Stealth
  1480 | D:7      | Reached skill level 6 in Spellcasting
  1567 | D:8      | Reached skill level 3 in Conjurations
  1567 | D:8      | Reached skill level 3 in Charms
  1567 | D:8      | Reached skill level 3 in Summonings
  1567 | D:8      | Reached skill level 3 in Necromancy
  1567 | D:8      | Reached skill level 3 in Translocations
  1567 | D:8      | Reached skill level 3 in Transmutations
  1567 | D:8      | Reached skill level 3 in Fire Magic
  1567 | D:8      | Reached skill level 3 in Ice Magic
  1567 | D:8      | Reached skill level 3 in Air Magic
  1567 | D:8      | Reached skill level 3 in Earth Magic
  1567 | D:8      | Reached skill level 3 in Poison Magic
  1567 | D:8      | Reached skill level 4 in Invocations
  1839 | D:5      | Reached skill level 6 in Dodging
  1839 | D:5      | Reached XP level 9. HP: 63/65 MP: 13/18
  1980 | D:5      | Quit the game

Skill      XL: |  1  2  3  4  5  6  7  8 |
---------------+-------------------------+-----
Spellcasting   | 5 6 |  6.3
Stealth        | 6 7 |  7.1
Invocations    | 1 2 3 4 |  4.2
Fighting       | 1 2 3 |  3.8
Long Blades    | 1 2 3 |  3.8
Axes           | 1 2 3 |  3.8
Maces & Flails | 1 2 3 |  3.8
Polearms       | 1 2 3 |  3.8
Staves         | 1 2 3 |  3.8
Slings         | 1 2 3 |  3.8
Bows           | 1 2 3 |  3.8
Crossbows      | 1 2 3 |  3.8
Throwing       | 1 2 3 |  3.8
Armour         | 1 2 3 |  3.8
Shields        | 1 2 3 |  3.8
Unarmed Combat | 1 2 3 |  3.8
Evocations     | 1 2 3 |  3.8
Conjurations   | 1 2 3 |  3.1
Charms         | 1 2 3 |  3.1
Summonings     | 1 2 3 |  3.1
Necromancy     | 1 2 3 |  3.1
Translocations | 1 2 3 |  3.1
Transmutations | 1 2 3 |  3.1
Fire Magic     | 1 2 3 |  3.1
Ice Magic      | 1 2 3 |  3.1
Air Magic      | 1 2 3 |  3.1
Earth Magic    | 1 2 3 |  3.1
Poison Magic   | 1 2 3 |  3.1
Short Blades   | 3 4 |  4.6
Dodging        | 5 6 |  6.0
Hexes          | 6 |  6.3

Action                   |  1- 3 |  4- 6 |  7- 9 || total
-------------------------+-------+-------+-------++-------
Melee: Dagger            |    63 |    10 |    74 ||   147
       Bite              |     5 |     2 |    11 ||    18
       Falchion          |       |     6 |    63 ||    69
       Punch             |       |     1 |     3 ||     4
 Cast: Corona            |    14 |       |       ||    14
       Ensorcelled Hiber |     8 |    12 |    18 ||    38
       Confuse           |     1 |     3 |     2 ||     6
Evoke: Wand              |       |       |     1 ||     1
  Use: Scroll            |       |     6 |     4 ||    10
       Potion            |       |     1 |       ||     1
 Stab: Sleeping          |    10 |     6 |    14 ||    30
       Confused          |     1 |     1 |     7 ||     9
  Eat: Ration            |     1 |       |     1 ||     2
Armor: Robe              |    10 |     5 |    21 ||    36
Dodge: Dodged            |    44 |    17 |    94 ||   155
       Rpst.: Falchion   |       |     5 |    12 ||    17

Table legend:
 A = Turns spent in this place as a percentage of turns spent in the entire game.
 B = Non-inter-level travel turns spent in this place as a percentage of non-inter-level travel turns spent in the entire game.
 C = Inter-level travel turns spent in this place as a percentage of turns spent in this place.
 D = Turns resting spent in this place as a percentage of non-inter-level travel turns spent in this place.
 E = Turns spent auto-exploring this place as a percentage of non-inter-level travel turns spent in this place.
 F = Non-inter-level travel turns spent in this place divided by the number of levels of this place that you've seen.
                   A       B       C       D       E      F
               +-------+-------+-------+-------+-------+----------------------
         Total | 100.0 | 100.0 |   1.6 |   0.0 |   0.0 | 194.9
       Dungeon |  94.9 |  95.1 |   1.4 |   0.0 |   0.0 | 206.0
        Temple |   5.1 |   4.9 |   5.0 |   0.0 |   0.0 |  95.0
               +-------+-------+-------+-------+-------+----------------------

Table legend:
 A = Kills in this place as a percentage of kills in entire the game.
 B = Kills by you in this place as a percentage of kills by you in the entire game.
 C = Kills by friends in this place as a percentage of kills by friends in the entire game.
 D = Other kills in this place as a percentage of other kills in the entire game.
 E = Experience gained in this place as a percentage of experience gained in the entire game.
 F = Experience gained in this place divided by the number of levels of this place that you have seen.
                   A       B       C       D       E      F
               +-------+-------+-------+-------+-------+----------------------
         Total | 100.0 | 100.0 |   N/A | 100.0 | 100.0 | 255.0
       Dungeon | 100.0 | 100.0 |   N/A | 100.0 | 100.0 | 283.3
               +-------+-------+-------+-------+-------+----------------------

Vault maps used:
D:1:      elethiomel_arrival_quiet, minmay_misc_feat_nine_boxes, minmay_vboxes
D:2:      tso_metal_star, lemuel_zombie_altar_kikubaaqudgha
D:3:      first_ration, uniq_robin
D:4:      wad_river_or_something
D:5:      lemuel_ratsnest, temple_pool_b
D:6:      led_sif_book
D:7:      grunt_temple_overflow_open, uniq_prince_ribbit1
D:8:      lemuel_crystal_altar, uniq_pikel
D:9:      zombieorc2_lemuel, hangedman_little_slice_of_home,
          kennysheep_windowed_goal, uniq_maurice, uniq_grum
Temple:   eino_temple_scatter_basement
